 Dungeon Crawl Stone Soup version 0.26.0-10-g1f06aea511 (webtiles) character file.

Game seed: 4479373323920476926

2901 Borgoz the Slasher (level 9, -1/77 HPs)
             Began as a Ghoul Gladiator on Jan 30, 2021.
             Was an Initiate of Ashenzari.
             Slain by a seven-headed hydra (10 damage)
             ... on level 8 of the Dungeon.
             The game lasted 00:12:18 (7694 turns).

Borgoz the Slasher (Ghoul Gladiator)                Turns: 7694, Time: 00:12:19

Health: -1/77      AC: 14    Str: 18    XL:     9   Next: 78%
Magic:  0/8        EV: 10    Int:  3    God:    Ashenzari [......]
Gold:   32         SH:  0    Dex: 13    Spells: 8/8 levels left

rFire    + . .     SeeInvis .   a - +5 short sword (drain)
rCold    + . .     Faith    .   (no shield)
rNeg     + + +     Spirit   +   B - +1 chain mail {rF+}
rPois    ∞         Reflect  .   c - +0 helmet
rElec    .         Harm     .   (no cloak)
rCorr    .         Rampage  .   (no gloves)
Will     +....                  o - +1 pair of boots
Stlth    ..........             g - amulet of guardian spirit
HPRegen  0.00/turn              k - ring of willpower
MPRegen  0.11/turn              (no ring)

@: about to teleport
A: claws 1, cold resistance 1, negative energy resistance 3, inhibited
regeneration, torment resistance, unbreathing
a: Renounce Religion, Curse Item


You were on level 8 of the Dungeon.
You worshipped Ashenzari.
Ashenzari was noncommittal.
You visited 2 branches of the dungeon, and saw 9 of its levels.

You collected 407 gold pieces.
You spent 375 gold pieces at shops.

Inventory:

Hand Weapons
 a - a +5 short sword of draining (weapon)
 b - a +1 dagger of electrocution
 r - a +0 long sword
 A - a +2 dagger of speed
Armour
 c - a +0 helmet (worn)
 o - a +1 pair of boots (worn)
 q - a +0 leather armour
 B - a +1 chain mail of fire resistance (worn)
Jewellery
 g - an amulet of guardian spirit (around neck)
 j - a +6 ring of intelligence
 k - a ring of willpower (left claw)
 n - an uncursed ring of fire
 p - an uncursed ring of flight
 C - an uncursed amulet of the acrobat
 G - an uncursed ring of stealth
Wands
 l - a wand of paralysis (6)
 E - a wand of digging (7)
 I - a wand of iceblast (8)
Scrolls
 e - 2 scrolls of teleportation
 f - a scroll of identify
 h - 3 scrolls of remove curse
 m - 2 scrolls of fog
 x - a scroll of blinking
 y - a scroll of enchant weapon
 D - a scroll of enchant armour
Potions
 d - 2 potions of curing
 i - 2 potions of cancellation
 s - a potion of mutation
 t - a potion of resistance
 u - a potion of might
 w - a potion of flight
 z - 3 potions of degeneration
 H - a potion of magic


   Skills:
 + Level 6.3 Fighting
 * Level 7.7 Long Blades
 - Level 1.7 Throwing
 * Level 4.9 Armour
 * Level 7.0 Dodging


You had 8 spell levels left.
You didn't know any spells.
Your spell library contained the following spells:

 Spells                   Type           Power        Failure   Level
 Animate Skeleton         Necr           0%           100%        1
 Apportation              Tloc           0%           100%        1
 Corona                   Hex            0%           100%        1
 Pain                     Necr           0%           100%        1
 Summon Small Mammal      Summ           0%           100%        1
 Vampiric Draining        Necr           0%           100%        3
 Animate Dead             Necr           0%           100%        4
 Agony                    Necr           0%           100%        5


Dungeon Overview and Level Annotations

Branches:
Dungeon (8/15)             Temple (1/1) D:7
   Lair: D:8-11

Altars:
Ashenzari
Cheibriados
Dithmenos
Elyvilon
Fedhas
Gozag
Hepliaklqana
Kikubaaqudgha
Makhleb
Nemelex Xobeh
Okawaru
Qazlal
Ru
Trog
Uskayaw
Vehumet
Wu Jian
Xom
Yredelemnul
Zin
The Shining One

Shops:
D:6 !   D:7 *[[[[


Innate Abilities, Weirdness & Mutations

You thrive by killing the living.
You are immune to poison.
You have sharp fingernails.
Your flesh is cold resistant. (rC+)
You are immune to negative energy. (rN+++)
You do not regenerate when monsters are visible.
You are immune to unholy pain and torment.
You can survive without breathing.


Message History

* * * LOW HITPOINT WARNING * * *
You feel much better.
The seven-headed hydra completely misses you.
The seven-headed hydra bites you! x2
The seven-headed hydra bites you but does no damage.
The seven-headed hydra bites you!
* * * LOW HITPOINT WARNING * * *
The seven-headed hydra bites you!
* * * LOW HITPOINT WARNING * * *
The seven-headed hydra barely misses you.
As you read the scroll of teleportation, it crumbles to dust.
You feel strangely unstable. The seven-headed hydra bites you.
* * * LOW HITPOINT WARNING * * *
The seven-headed hydra misses you.
The seven-headed hydra barely misses you.
The seven-headed hydra misses you.
The seven-headed hydra barely misses you.
The seven-headed hydra closely misses you.
The seven-headed hydra bites you!
You die...

#...#...#...###...>....
#..)'...'...#).........
#...#...#...#..........
##'#######'##..#.......
#...#).$#...#..#.......
#...#...#...'.##.......
#...#}.$#...#########.#
##'###D###+## #..
#...#.@.# ## #...'...#
#...#...# #########


You could see a seven-headed hydra (drained).

Vanquished Creatures
  2 trolls (D:8)
  Menkaure (D:6)
  A water moccasin (D:7)
  An orc warrior (D:8)
  A sky beast (D:4)
  4 ice beasts
  A hornet zombie (D:8)
  4 ogres
  2 centaurs
  2 bullfrogs (D:7)
  A water moccasin skeleton (D:7)
  3 wights (D:8)
  A killer bee (D:8)
  3 howler monkeys
  A hound (D:8)
  A bullfrog zombie (D:8)
  A centaur skeleton (D:5)
  2 orc priests
  2 bullfrog skeletons
  An iguana (D:4)
  2 orc wizards (D:7)
  4 worker ants
  A hound skeleton (D:6)
  A howler monkey zombie (D:8)
  10 adders
  A white imp (D:7)
  5 worms
  A dart slug (D:3)
  3 leopard geckos
  23 orcs
  7 giant cockroaches
  7 goblins
  8 hobgoblins
  8 jackals
  5 quokkas
  4 ball pythons
  5 bats
  10 frilled lizards
  14 kobolds
  A leopard gecko skeleton (D:5)
  9 rats
164 creatures vanquished.

Vanquished Creatures (others)
  A bush (D:5)
  4 plants (D:4)
5 creatures vanquished.

Grand Total: 169 creatures vanquished

Notes
Turn   | Place    | Note
-------+----------+-------------------------------------------
     0 | D:1      | Borgoz the Ghoul Gladiator began the quest for the Orb.
     0 | D:1      | Reached XP level 1. HP: 17/17 MP: 0/0
   173 | D:1      | Reached XP level 2. HP: 24/24 MP: 1/1
   634 | D:2      | Reached XP level 3. HP: 30/30 MP: 2/2
   919 | D:2      | Reached skill level 1 in Armour
  1267 | D:2      | Reached XP level 4. HP: 24/37 MP: 3/3
  2108 | D:3      | Reached XP level 5. HP: 31/45 MP: 4/4
  2707 | D:4      | Noticed an ogre
  2725 | D:4      | Killed an ogre
  2726 | D:4      | Reached XP level 6. HP: 48/51 MP: 5/5
  2926 | D:4      | Found a sacrificial altar of Ru.
  3312 | D:5      | Entered Level 5 of the Dungeon
  3312 | D:5      | Noticed a sky beast
  3349 | D:4      | Killed a sky beast
  3350 | D:4      | Reached XP level 7. HP: 26/58 MP: 6/6
  3998 | D:5      | Reached skill level 5 in Dodging
  4190 | D:5      | Reached skill level 5 in Long Blades
  4492 | D:5      | Found a broken altar of Ashenzari.
  4498 | D:5      | Found an ancient bone altar of Kikubaaqudgha.
  4619 | D:5      | Found a hide-covered altar of Uskayaw.
  4788 | D:5      | Became a worshipper of Ashenzari the Shackled
  4803 | D:6      | Noticed Menkaure
  4836 | D:6      | Found a burning altar of Makhleb.
  4836 | D:6      | Noticed an Executioner
  4863 | D:6      | Found a glowing silver altar of Zin.
  4863 | D:6      | Noticed an angel
  4885 | D:6      | Found Japal's Distillery.
  4898 | D:6      | Killed Menkaure
  4899 | D:6      | Reached XP level 8. HP: 56/67 MP: 7/7
  4953 | D:6      | Bought a potion of heal wounds for 65 gold pieces
  4953 | D:6      | Bought a potion of heal wounds for 65 gold pieces
  4953 | D:6      | Bought a potion of flight for 39 gold pieces
  5546 | D:6      | Found a stormy altar of Qazlal.
  5646 | D:7      | Found Latt's Armour Boutique.
  5672 | D:7      | Found a staircase to the Ecumenical Temple.
  5683 | D:7      | Reached skill level 5 in Fighting
  5756 | Temple   | Entered the Ecumenical Temple
  6224 | D:7      | Found Batsifac's Armour Emporium.
  6244 | D:7      | Found Vayl Jao's Antique Armour Boutique.
  6345 | D:7      | Bought a runed scarf for 176 gold pieces
  6481 | D:7      | Found Muchoq's Armour Boutique.
  6711 | D:7      | Reached XP level 9. HP: 74/74 MP: 8/8
  6716 | D:7      | Found an iron altar of Okawaru.
  6717 | D:7      | Found a bloodstained altar of Trog.
  6736 | D:7      | Found Cuxaek's General Store.
  6741 | D:7      | Bought a scroll of identify for 30 gold pieces
  7345 | D:8      | Noticed a seven-headed hydra
  7382 | D:8      | Noticed a troll
  7391 | D:8      | Killed a troll
  7569 | D:8      | Noticed a troll
  7574 | D:8      | Killed a troll
  7694 | D:8      | Slain by a seven-headed hydra

Illustrated notes

Levels and vault maps discovered:
D:1:      dpeg_arrival_arbitrary_b, layout_rooms, serial_bayou_pond_d,
          minmay_tetromino_i4
D:2:      cheibrodos_old_hovel, layout_rooms
D:3:      layout_loops_ring
D:4:      corexii_shack_village, layout_loops_ring, lemuel_round_altar
D:5:      layout_cave_pools, kennysheep_little_box, cheibrodos_ashenzari_chains,
          kiku_gazebo_pond_becter, minmay_fountain_box, kb_lookout_dungeons_type
D:6:      layout_rooms, grunt_temple_overflow_order_and_chaos_2,
          grunt_qazlal_sundering, serial_shops, shop, roderic_roman_lattice,
          minmay_diced_spiral, uniq_menkaure
D:7:      layout_gridville, grunt_temple_overflow_bloody_war,
          minmay_temple_entry_large_hall, serial_shops, nicolae_shop_crystal,
          nicolae_shop_crystal, shop, nicolae_shop_waterfront, shop,
          kennysheep_generic_room_6
D:8:      layout_rooms, minmay_evil_grid, uniq_maurice
Temple:   minmay_temple_forest_path

Skill      XL: |  1  2  3  4  5  6  7  8  9 |
---------------+----------------------------+-----
Dodging        | 3 4 5 6 7 |  7.0
Long Blades    | 3 4 5 6 7 |  7.7
Armour         | 1 2 3 4 |  4.9
Fighting       | 3 4 5 6 |  6.3
Throwing       | |  1.7

Action                   |  1- 3 |  4- 6 |  7- 9 || total
-------------------------+-------+-------+-------++-------
Melee: Long sword        |   117 |    88 |       ||   205
       Short sword       |       |   106 |   309 ||   415
       Dagger            |       |    15 |    16 ||    31
Throw: Throwing net      |     2 |     3 |       ||     5
Evoke: Wand              |       |       |     4 ||     4
  Use: Scroll            |       |    10 |    15 ||    25
       Potion            |       |     2 |     3 ||     5
 Stab: Held in net/web   |     1 |     2 |       ||     3
       Paralysed         |       |       |     8 ||     8
Armor: Leather armour    |    32 |    50 |    51 ||   133
       Chain mail        |       |       |    22 ||    22
Dodge: Dodged            |    85 |   154 |   249 ||   488
       Rpst.: Long sword |    30 |    29 |       ||    59
